AoeStats
← papalove

Oasis

509851747Analyzed
2v2 RM · 5d ago on Sep 28, 2026· 39m 57s· 4 players
Game mode
Random Map
Map size
Medium (4 player)
Population
200
Speed
Normal
Resources
Standard
Victory
Conquest
Starting age
Dark Age
Ending age
Imperial Age
RankedLock teamsTeams togetherTeam positionsShared explorationLock speedFull tech treeHidden civsTurbo modeCheats
Victory
Defeat
🇫🇷 Maya · France
1211
+11
🇫🇷 Georgians · France
1146
+15
🇸🇰 Bohemians · Slovakia
1104
-13
🇦🇷 Varangians · Argentina
1102
-13
Marco Aurelio
10:24 Feudal Age
10:52 Double-Bit Axe
15:42 Wheelbarrow
18:58 Wheelbarrow
20:54 Castle Age
18:48 Horse Collar
21:06 Gold Mining
22:58 Bow Saw
28:01 Imperial Age
25:35 Pikeman
27:06 Heavy Plow
28:44 Loom
32:14 Two-Man Saw
32:51 Conscription
33:07 Vendel Legacy
38:17 Husbandry
38:24 Squires
Rado
5:47 Loom
10:10 Feudal Age
11:30 Double-Bit Axe
12:34 Horse Collar
13:46 Wheelbarrow
19:26 Castle Age
18:20 Scale Barding Armor
20:39 Husbandry
26:40 Fletching
27:02 Heavy Plow
27:14 Bow Saw
27:27 Forging
27:40 Chain Barding Armor
31:54 Hand Cart
31:25 Town Watch
papalove
0:26 Loom
9:42 Feudal Age
10:18 Double-Bit Axe
14:26 Horse Collar
21:57 Castle Age
20:18 Fletching
20:48 Gold Mining
22:03 Crossbowman
24:35 Ballistics
24:53 Bodkin Arrow
26:01 Padded Archer Armor
26:38 Heavy Plow
28:25 Town Watch
30:42 Wheelbarrow
36:18 Imperial Age
34:38 Leather Archer Armor
35:57 Hand Cart
36:20 Arbalester
37:02 Bracer
36:22 Capped Ram
37:26 Thumb Ring
38:50 Ring Archer Armor
38:43 Conscription
Peaky
8:00 Loom
9:59 Feudal Age
17:11 Castle Age
15:51 Horse Collar
16:14 Double-Bit Axe
17:53 Bloodlines
26:34 Heavy Plow
27:13 Scale Barding Armor
31:56 Imperial Age
32:04 Wheelbarrow
31:47 Bow Saw
32:24 Husbandry
32:36 Light Cavalry
33:38 Hand Cart
33:10 Town Watch
33:25 Hussar
Connection lost

Rejoining the realm…

Still unreachable

The connection could not be restored.

Session expired

The server has moved on; the page needs a fresh start.